 Dungeon Crawl Stone Soup version 0.22-a0-612-gd2f0174 (webtiles) character file.

23141 Amnesiac the Destroyer (level 12, -7/83 HPs)
             Began as a Mummy Wizard on July 11, 2018.
             Was a High Priest of Sif Muna.
             Mangled by an orc knight
             ... wielding a +0 great sword
              (12 damage)
             ... on level 2 of the Orcish Mines on July 12, 2018.
             The game lasted 00:38:09 (15875 turns).

Amnesiac the Destroyer (Mummy Wizard)              Turns: 15875, Time: 00:38:10

Health: -7/83      AC:  8    Str: 10 (11) XL:     12   Next: 69%
Magic:  23/37      EV: 14    Int: 21      God:    Sif Muna [*****.]
Gold:   907        SH:  0    Dex: 11      Spells: 20/36 levels left

rFire    . . .     SeeInvis .   a - +1 dagger (venom)
rCold    + . .     Gourm    .   (no shield)
rNeg     + + +     Faith    .   x - +2 robe {rF+}
rPois    ∞         Spirit   .   i - +0 helmet
rElec    .         Reflect  .   e - +0 cloak
rCorr    .         Harm     .   B - +0 pair of gloves
MR       +....                  w - +0 pair of boots
Stlth    ++........             h - amulet of magic regeneration
HPRegen  0.23/turn              d - ring of magical power
MPRegen  0.50/turn              C - ring of wizardry

@: slightly contaminated, divine energy
A: no food or potions, fire vulnerability, cold resistance 1, negative energy
resistance 3, torment resistance, unbreathing
a: Stop Divine Energy, Channel Magic, Forget Spell, Renounce Religion


You were on level 2 of the Orcish Mines.
You worshipped Sif Muna.
Sif Muna was extremely pleased with you.
You were not hungry.

You visited 2 branches of the dungeon, and saw 13 of its levels.

You collected 1252 gold pieces.
You spent 345 gold pieces at shops.

Inventory:

Hand Weapons
 a - a +1 dagger of venom (weapon)
 k - a +0 blowgun
 o - a +3 quarterstaff of chaos
Missiles
 p - 39 poisoned needles
Armour
 e - a +0 cloak (worn)
 i - a +0 helmet (worn)
 w - a +0 pair of boots (worn)
 x - a +2 robe of fire resistance (worn)
 y - a +4 ring mail of magic resistance
 B - a +0 pair of gloves (worn)
 D - +0 acid dragon scales
Jewellery
 c - an uncursed ring of flight
 d - a ring of magical power (left hand)
 h - an amulet of magic regeneration (around neck)
 u - an uncursed ring of fire
 A - an uncursed ring of ice
 C - a ring of wizardry (right hand)
Wands
 q - a wand of digging (9)
 t - a wand of iceblast (2)
 z - a wand of random effects (71)
Scrolls
 b - 2 scrolls of fear {!r}
 f - 6 scrolls of identify {!r}
 g - a scroll of enchant armour {!r}
 j - 3 scrolls of remove curse {!r}
 l - 4 scrolls of teleportation {!r}
 m - 2 scrolls of magic mapping {!r}
 n - 2 scrolls of amnesia {!r}
 r - a scroll of summoning {!r, unknown}
 s - a scroll of acquirement {!r, unknown}
 v - 2 scrolls of fog {!r}


   Skills:
 + Level 3.8 Fighting
 * Level 5.3 Dodging
 - Level 1.5 Stealth
 + Level 12.5 Spellcasting
 * Level 12.5 Conjurations
 - Level 0.7 Summonings
 - Level 0.7 Translocations
 - Level 8.0 Invocations


You had 20 spell levels left.
You knew the following spells:

 Your Spells              Type           Power        Failure   Level  Hunger
a - Magic Dart            Conj           ####         1%          1    N/A
b - Call Imp              Summ           ###.....     2%          2    N/A
e - Mephitic Cloud        Conj/Pois/Air  ####....     1%          3    N/A
s - Conjure Flame         Conj/Fire      #####...     1%          3    N/A
v - Blink                 Tloc           N/A          2%          2    N/A
w - Irradiate             Conj/Tmut      #####.....   4%          5    N/A

Your spell library contained the following spells:

 Spells                   Type           Power        Failure   Level  Hunger
 Bolt of Fire             Conj/Fire      #####.....   22%         6    N/A
 Bolt of Magma            Conj/Fire/Erth ####......   11%         5    N/A
 Slow                     Hex            ##......     3%          2    N/A
 Throw Frost              Conj/Ice       #####.       1%          2    N/A
 Poison Arrow             Conj/Pois      #####.....   22%         6    N/A
 Glaciate                 Conj/Ice       #####.....   100%        9    N/A
 Static Discharge         Conj/Air       #####...     1%          3    N/A
 Summon Mana Viper        Hex/Summ       ##......     41%         5    N/A

Dungeon Overview and Level Annotations

Branches:
Dungeon (11/15)            Temple (0/1) D:7            Lair (0/6) D:11
    Orc (2/2) D:10            Elf (0/3) Orc:2

Altars:
Elyvilon
Fedhas
Hepliaklqana
Qazlal
Sif Muna
Trog
Uskayaw
Vehumet
The Shining One
Beogh

Shops:
D:6 *   D:7 %   D:8 ?


Innate Abilities, Weirdness & Mutations

You do not eat or drink.
Your flesh is vulnerable to fire.
You are immune to poison.
Your flesh is cold resistant. (rC+)
You are immune to negative energy. (rN+++)
You are immune to unholy pain and torment.
You can survive without breathing.


Message History

You start resting.
Magic restored.
You start resting.
HP restored.
You start waiting.
Done waiting.
Put on which piece of jewellery? (? for menu, Esc to quit)
Okay, then.
You climb downwards.
An orc knight comes into view. It is wielding a great sword.
The orc knight shouts!
You hear a shout!
The orc warrior throws a tomahawk.
The tomahawk hits you but does no damage.
The orc knight unwields an uncursed great sword.
The orc knight wields an arbalest.
The orc knight shoots a bolt.
The bolt hits you!
The orc warrior throws a tomahawk.
The tomahawk barely misses you.
There is a stone staircase leading up here.
Things that are here:
a bolt; a tomahawk
Casting: Irradiate (safe; 4% risk of failure)
Confirm with . or Enter, or press ? or * to list all spells.
You blink.
The orc warrior throws a tomahawk.
The tomahawk hits you.
The orc knight shoots a bolt.
The bolt hits you!!
The orc warrior throws a tomahawk.
The tomahawk hits you!
* * * LOW HITPOINT WARNING * * *
Things that are here:
a tomahawk; a bolt The orc warrior hits you with a flail!
* * * LOW HITPOINT WARNING * * *
Casting: Blink (safe; 2% risk of failure)
Confirm with . or Enter, or press ? or * to list all spells.
You erupt in a fountain of uncontrolled magic!
The orc warrior is blasted with magical radiation!
The orc warrior is severely wounded.
The orc warrior twists and deforms.
The orc knight is blasted with magical radiation!
The orc knight is moderately wounded.
The orc knight twists and deforms.
You hear a shout! x5
The orc knight roars a battlecry!
The orc warrior goes into a battle-frenzy!
Casting: Irradiate (safe; 4% risk of failure)
Confirm with . or Enter, or press ? or * to list all spells.
You erupt in a fountain of uncontrolled magic!
The orc warrior is blasted with magical radiation!
You kill the orc warrior!
Sif Muna accepts your kill.
The orc knight is blasted with magical radiation!
The orc knight is severely wounded.
The orc knight twists and deforms.
You are lightly contaminated with residual magic.
The orc knight unwields an uncursed arbalest.
The orc knight wields an uncursed great sword.
The orc knight hits you with an uncursed great sword!
* * * LOW HITPOINT WARNING * * *
Casting: Irradiate (safe; 4% risk of failure)
Confirm with . or Enter, or press ? or * to list all spells.
You erupt in a fountain of uncontrolled magic!
The orc knight is blasted with magical radiation!
The orc knight is almost dead.
The orc knight twists and deforms.
The orc knight hits you with an uncursed great sword!
You die...

......................)..#.##
.....................#.)#...##
.....................(##.#.#.##
.....^................(.).....# #
.......................(.)[).## .
...............##..[#.#((.)#####.
........).....##...#...#..).###..
..........(....#.[###.####....#..
..........(<...(@o.##.## ##()....
..............)..).....# ###)...
.............[.[#.....## ##)..
..........####.##.....# #...
..........# ##.#.....# #...
..........# ###8...8# ##...
..........# #.....# ##....
...........# .....# #.....
...........# ...... #.....


You could see an orc knight.

Vanquished Creatures
  Erolcha (D:11)
  A hydra (D:8)
  Erica (D:7)
  3 two-headed ogres
  2 orc high priests (Orc:1)
  Nergalle (Orc:2)
  3 orc knights
  A manticore (D:11)
  2 ugly things (D:11)
  2 orc sorcerers (Orc:1)
  A cyclops (Orc:2)
  Maurice (D:8)
  A kobold demonologist (D:11)
  A komodo dragon (D:10)
  5 trolls
  Prince Ribbit (D:9)
  2 dream sheep (D:8)
  A hippogriff (D:7)
  9 yaks
  A water elemental (D:11)
  Grum (D:8)
  2 hungry ghosts (D:10)
  3 wargs
  2 acid dragons
  Duvessa (D:7)
  30 orc warriors
  4 sky beasts
  2 ice beasts
  2 phantoms
  A necrophage (D:8)
  2 black bears
  4 centaurs
  6 wolves
  11 ogres
  A crocodile (D:8)
  5 big kobolds
  2 bullfrogs (D:7)
  Dowan (D:7)
  2 scorpions
  4 howler monkeys
  3 wights (D:6)
  2 electric eels (D:11)
  3 crimson imps
  A bullfrog zombie (D:9)
  2 centaur zombies
  7 hounds
  3 jellies
  2 bullfrog skeletons
  16 orc priests
  Crazy Yiuf (D:3)
  2 centaur skeletons
  21 orc wizards
  7 worker ants
  A killer bee zombie (D:6)
  A howler monkey zombie (D:5)
  Robin (D:4)
  7 gnolls
  8 adders
  A shadow imp (D:7)
  An ooze (D:3)
  2 adder skeletons
  A worm (D:3)
  2 dart slugs (D:1)
  4 leopard geckos
  77 orcs
  2 ball pythons
  8 giant cockroaches
  9 goblins
  7 hobgoblins
  20 jackals
  16 kobolds
  3 quokkas
  3 bats
  7 frilled lizards
  A leopard gecko zombie (D:5)
  5 rats
383 creatures vanquished.

Vanquished Creatures (collateral kills)
  Pikel (D:4)
  An ice beast (D:2)
  A wight (D:6)
3 creatures vanquished.

Vanquished Creatures (others)
  2 giant cockroaches (D:4)
  5 goblins (D:4)
  A frilled lizard (D:4)
  A plant (D:8)
9 creatures vanquished.

Grand Total: 395 creatures vanquished

Notes
Turn   | Place    | Note
-------+----------+-------------------------------------------
     0 | D:1      | Amnesiac the Mummy Wizard began the quest for the Orb.
     0 | D:1      | Reached XP level 1. HP: 13/13 MP: 5/5
    82 | D:1      | Reached skill level 1 in Conjurations
    82 | D:1      | Reached XP level 2. HP: 15/20 MP: 0/7
    88 | D:1      | Learned a level 2 spell: Call Imp
   154 | D:1      | Reached skill level 1 in Fighting
   259 | D:2      | Noticed an ice beast
   685 | D:2      | Killed an ice beast
   685 | D:2      | Reached XP level 3. HP: 19/27 MP: 1/8
   685 | D:2      | Reached XP level 4. HP: 23/33 MP: 1/10
   690 | D:2      | Learned a level 3 spell: Conjure Flame
   694 | D:2      | Learned a level 3 spell: Mephitic Cloud
   697 | D:2      | Learned a level 2 spell: Blink
  1186 | D:3      | Reached XP level 5. HP: 38/38 MP: 11/11
  1260 | D:3      | Found a stormy altar of Qazlal.
  1260 | D:3      | Found a white marble altar of Elyvilon.
  1607 | D:4      | Noticed a slave
  1608 | D:4      | Noticed Pikel
  1621 | D:4      | Noticed a slave
  1623 | D:4      | Noticed a slave
  1702 | D:4      | Killed Pikel
  1702 | D:4      | Reached skill level 5 in Spellcasting
  1702 | D:4      | Reached XP level 6. HP: 6/44 MP: 1/13
  1702 | D:4      | Reached XP level 7. HP: 7/50 MP: 1/14
  2227 | D:4      | Noticed Robin
  2242 | D:4      | Killed Robin
  2397 | D:4      | Found a deep blue altar of Sif Muna.
  2574 | D:4      | Became a worshipper of Sif Muna the Loreminder
  3862 | D:3      | Found a hide-covered altar of Uskayaw.
  3906 | D:3      | Found a runed door.
  4225 | D:3      | Noticed Crazy Yiuf
  4235 | D:3      | Killed Crazy Yiuf
  4270 | D:5      | Entered Level 5 of the Dungeon
  4293 | D:5      | Found a hazy altar of Hepliaklqana.
  4294 | D:5      | Found a radiant altar of Vehumet.
  4727 | D:5      | Reached skill level 5 in Conjurations
  5101 | D:6      | Got a warped war axe
  5121 | D:6      | Found Woip's Assorted Antiques.
  5129 | D:6      | Bought a scroll labeled GISTEGH YNACIPH for 30 gold pieces
  5129 | D:6      | Bought a scroll labeled ODEYNI VOLAUKK for 30 gold pieces
  5129 | D:6      | Bought a scroll labeled QICAS AGENICLU for 30 gold pieces
  5136 | D:6      | Found a deep blue altar of Sif Muna.
  5201 | D:6      | Reached * piety under Sif Muna
  5253 | D:6      | Reached XP level 8. HP: 56/56 MP: 17/17
  6103 | D:6      | Reached ** piety under Sif Muna
  6126 | D:6      | Bought a pair of boots for 135 gold pieces
  6181 | D:7      | Found Ynom Wyed's Food Shop.
  6200 | D:7      | Noticed Duvessa
  6210 | D:7      | Killed Duvessa
  6215 | D:7      | Noticed Dowan
  6227 | D:7      | Killed Dowan
  6426 | D:7      | Noticed a hippogriff
  6482 | D:7      | Killed a hippogriff
  6482 | D:7      | Reached XP level 9. HP: 57/61 MP: 20/20
  6693 | D:7      | Found a staircase to the Ecumenical Temple.
  7201 | D:8      | Noticed a two-headed ogre
  7203 | D:8      | Noticed Erica
  7230 | D:7      | Killed a two-headed ogre
  7230 | D:7      | Reached *** piety under Sif Muna
  7278 | D:7      | Killed Erica
  7278 | D:7      | Reached XP level 10. HP: 39/67 MP: 23/23
  7801 | D:7      | Reached **** piety under Sif Muna
  7801 | D:7      | Reached skill level 10 in Spellcasting
  7801 | D:7      | Reached skill level 10 in Conjurations
  7965 | D:8      | Noticed Grum
  7984 | D:8      | Killed Grum
  8001 | D:8      | Got a slimy trident
  8003 | D:8      | Identified the +5 war axe of the Depths {pain, *Contam Str+3 Int+3} (You found it on level 6 of the Dungeon)
  8271 | D:8      | Noticed a three-headed hydra
  8280 | D:8      | Killed a three-headed hydra
  8523 | D:8      | Reached ***** piety under Sif Muna
  8620 | D:8      | Noticed Maurice
  8657 | D:8      | Killed Maurice
  8657 | D:8      | Identified Sif Muna's Reference Book on Attacks (Sif Muna gifted it to you on level 8 of the Dungeon)
  8657 | D:8      | Received a gift from Sif Muna
  8665 | D:8      | Learned a level 5 spell: Irradiate
  8786 | D:8      | Found a glowing golden altar of the Shining One.
  8798 | D:8      | Found Litor's Magic Scroll Shop.
  8823 | D:8      | Bought a scroll of identify for 24 gold pieces
  8823 | D:8      | Bought a scroll of identify for 24 gold pieces
  8823 | D:8      | Bought a scroll of identify for 24 gold pieces
  8823 | D:8      | Bought a scroll of noise for 12 gold pieces
  8826 | D:8      | Bought a scroll of fog for 24 gold pieces
  8826 | D:8      | Bought a scroll of random uselessness for 12 gold pieces
  9145 | D:9      | Found a blossoming altar of Fedhas.
  9410 | D:9      | Reached XP level 11. HP: 50/72 MP: 18/26
  9587 | D:9      | Noticed Prince Ribbit
  9590 | D:9      | Noticed a two-headed ogre
  9592 | D:9      | Killed Prince Ribbit
  9623 | D:9      | Killed a two-headed ogre
 10125 | D:10     | Entered Level 10 of the Dungeon
 10515 | D:10     | Noticed a two-headed ogre
 10524 | D:10     | Killed a two-headed ogre
 10610 | D:10     | Noticed an orc knight
 10848 | D:11     | Noticed Erolcha
 10860 | D:11     | Killed Erolcha
 11414 | D:11     | Found a staircase to the Lair.
 11511 | D:11     | Noticed a cyan ugly thing
 11524 | D:11     | Noticed a green ugly thing
 11528 | D:11     | Killed a brown ugly thing
 11528 | D:11     | Reached skill level 5 in Invocations
 11602 | D:11     | Killed a brown ugly thing
 12285 | D:10     | Killed an orc knight
 12528 | D:10     | Reached XP level 12. HP: 37/78 MP: 21/28
 12530 | D:10     | Found a roughly hewn altar of Beogh.
 12530 | D:10     | Found a staircase to the Orcish Mines.
 12872 | Orc:1    | Entered Level 1 of the Orcish Mines
 12892 | Orc:1    | Noticed an orc high priest
 12893 | Orc:1    | Noticed an orc high priest
 13370 | Orc:1    | Killed an orc high priest
 13370 | Orc:1    | Identified Sif Muna's Catalogue of Arcane Weapons and Companions (Sif Muna gifted it to you on level 1 of the Orcish Mines)
 13370 | Orc:1    | Received a gift from Sif Muna
 13373 | Orc:1    | Killed an orc high priest
 13984 | Orc:2    | Entered Level 2 of the Orcish Mines
 13984 | Orc:2    | Found a staircase to the Elven Halls.
 14032 | Orc:1    | Found a bloodstained altar of Trog.
 15113 | Orc:2    | Reached skill level 5 in Dodging
 15671 | Orc:2    | Noticed Nergalle
 15719 | Orc:2    | Killed Nergalle
 15874 | Orc:2    | HP: 4/83 [orc knight/uncursed great sword (16)]
 15875 | Orc:2    | Mangled by an orc knight

Vault maps used:
D:1:      dpeg_arrival_rhombus
D:3:      marbit_many_paths, gammafunk_temple_overflow_elements,
          uniq_crazy_yiuf_cottage
D:4:      led_sif_pool, uniq_pikel, uniq_robin
D:5:      grunt_temple_overflow_open, first_ration,
          minmay_misc_feat_four_crosses, nrook_pool_corridor
D:6:      lemuel_doored_altar, serial_shops, shop, minmay_misc_feat_plants
D:7:      temple_hall, serial_shops, shop, uniq_duvessa
D:8:      kennysheep_mini_moat, serial_shops, nicolae_shop_crystal,
          hangedman_ranch, uniq_maurice, uniq_grum, uniq_erica
D:9:      old_standard_altar, serial_aquarium, aquarium_bridge_square,
          aquarium_window_fake, aquarium_window_1, aquarium_window_1,
          aquarium_view_2g, aquarium_view_2d, aquarium_pool_four,
          uniq_prince_ribbit1
D:10:     david_orc_5
D:11:     erik_lair_island, uniq_erolcha
Orc:1:    bloody_trog
Orc:2:    grunt_orc_cross, nicolae_orc_rockfall

Skill      XL: |  1  2  3  4  5  6  7  8  9 10 11 12 |
---------------+-------------------------------------+-----
Conjurations   | 1 2 3 4 5 7 9 11 12 | 12.5
Fighting       | 2 3 |  3.8
Dodging        | 3 5 |  5.3
Spellcasting   | 5 6 7 9 11 12 | 12.5
Invocations    | 7 8 |  8.0
Stealth        | |  1.5
Summonings     | |  0.7
Translocations | |  0.7

Action                   |  1- 3 |  4- 6 |  7- 9 | 10-12 || total
-------------------------+-------+-------+-------+-------++-------
Melee: Dagger            |    19 |    27 |   236 |   629 ||   911
       Trident           |       |    25 |       |       ||    25
       War axe           |       |       |       |    16 ||    16
 Cast: Magic Dart        |    16 |    67 |   171 |    66 ||   320
       Call Imp          |    18 |     2 |     3 |     1 ||    24
       Mephitic Cloud    |       |     8 |    19 |    17 ||    44
       Conjure Flame     |       |     2 |    21 |    17 ||    40
       Blink             |       |       |     1 |     3 ||     4
       Irradiate         |       |       |       |    97 ||    97
Invok: Divine Energy     |       |       |     1 |       ||     1
Evoke: Wand              |       |       |       |     5 ||     5
  Use: Scroll            |       |       |       |    11 ||    11
 Stab: Sleeping          |     1 |       |     2 |       ||     3
       Confused          |       |     5 |     7 |     5 ||    17
Armor: Robe              |     7 |     2 |    46 |     7 ||    62
       Ring mail         |       |       |       |   414 ||   414
Dodge: Dodged            |    18 |    25 |   177 |   504 ||   724

Table legend:
 A = Spawn XP
 B = Non-spawn XP
 C = Spawn XP percentage of total XP
 D = Spawn monster count
 E = Non-spawn monster count
 F = Spawn count percentage of total count
 G = Total turns spent on level
                    A         B        C        D         E        F      G
               +---------+---------+-------+---------+---------+-------+---------
         Total |       0 |   33059 |   0.0 |       0 |     386 |   0.0 | 15875
               +---------+---------+-------+---------+---------+-------+---------
           D:1 |       0 |      55 |   0.0 |       0 |      23 |   0.0 |   598
           D:2 |       0 |      94 |   0.0 |       0 |      13 |   0.0 |  1255
           D:3 |       0 |     248 |   0.0 |       0 |      29 |   0.0 |  1218
           D:4 |       0 |     589 |   0.0 |       0 |      18 |   0.0 |  1199
           D:5 |       0 |     143 |   0.0 |       0 |       7 |   0.0 |   781
           D:6 |       0 |    1179 |   0.0 |       0 |      28 |   0.0 |  1118
           D:7 |       0 |    3759 |   0.0 |       0 |      32 |   0.0 |  1677
           D:8 |       0 |    4257 |   0.0 |       0 |      33 |   0.0 |  1272
           D:9 |       0 |    2413 |   0.0 |       0 |      32 |   0.0 |  1057
          D:10 |       0 |    3983 |   0.0 |       0 |      47 |   0.0 |  2204
          D:11 |       0 |    5448 |   0.0 |       0 |      27 |   0.0 |  1374
         Orc:1 |       0 |    6707 |   0.0 |       0 |      54 |   0.0 |  1178
         Orc:2 |       0 |    4184 |   0.0 |       0 |      43 |   0.0 |   944
               +---------+---------+-------+---------+---------+-------+---------
